 Dungeon Crawl Stone Soup version 0.29.1-4-g47bece8355 (webtiles) character file.

Game seed: 13683208082196381659

4 CaptainMV the Gusty (level 1, -1/14 HPs)
             Began as a Draconian Air Elementalist on Dec 8, 2022.
             Slain by a hobgoblin (3 damage)
             ... on level 1 of the Dungeon.
             The game lasted 00:01:47 (395 turns).

CaptainMV the Gusty (Draconian Air Elementalist)     Turns: 395, Time: 00:01:48

Health: -1/14      AC:  4    Str: 10    XL:     1   Next: 58%
Magic:  0/3        EV: 12    Int: 15    God:
Gold:   0          SH:  0    Dex: 11    Spells: 3/4 levels left

rFire   . . .      SeeInvis .   e - +0 short sword
rCold   . . .      Faith    .   (no shield)
rNeg    . . .      Spirit   .   (body armour unavailable)
rPois   .          Reflect  .   (helmet restricted)
rElec   .          Harm     .   (no cloak)
rCorr   .          Rampage  .   (no gloves)
Will    .....                   (no boots)
Stlth   ++........              (no amulet)
HPRegen 0.04/turn               (no ring)
MPRegen 0.08/turn               (no ring)

@: no status effects
A: AC +4, unfitting armour, cold-blooded
a: no special abilities


You were on level 1 of the Dungeon.
You visited 1 branch of the dungeon, and saw 1 of its levels.

Inventory:

Hand Weapons
 e - a +0 short sword (weapon)
Missiles
 b - 6 poisoned darts
Scrolls
 d - a scroll of identify {unknown}
Potions
 a - a potion of magic
 c - a potion of attraction {unknown}


   Skills:
 + Level 1.7 Dodging
 + Level 1.7 Stealth
 + Level 2.1 Spellcasting
 + Level 1.0 Conjurations
 + Level 3.2 Air Magic


You had 3 spell levels left.
You knew the following spells:

 Your Spells              Type           Power      Damage    Failure   Level
a - Shock                 Conj/Air       28%        1d4       10%         1

Your spell library contained the following spells:

 Spells                   Type           Power      Damage    Failure   Level
 Static Discharge         Conj/Air       7%         3-4/arc   14%         2
 Swiftness                Air            11%        N/A       17%         3
 Airstrike                Air            5%         2d(1-17)  50%         4


Dungeon Overview and Level Annotations

Branches:
Dungeon (1/15)

Altars:


Innate Abilities, Weirdness & Mutations

Your plain brown scales are hard. (AC +4)
You cannot fit into any form of body armour.
You are cold-blooded and may be slowed by cold attacks.


Message History

Aim: a hobgoblin, wearing a +0 ring mail and quivering poisoned darts (heavily wounded, 72% to hit)
The zap hits the hobgoblin but does no damage.
The hobgoblin is heavily wounded.
The bat misses you. The hobgoblin hits you.
The giant cockroach closely misses you.
Casting: Shock (safe; 10% risk of failure)
Confirm with . or Enter, or press ? or * to list all spells.
Aiming: Shock (safe; 10% risk of failure)
Press: ? - help, Shift-Dir - straight line, f/p - hobgoblin
Aim: a hobgoblin, wearing a +0 ring mail and quivering poisoned darts (heavily wounded, 72% to hit)
The zap hits the hobgoblin.
The hobgoblin is severely wounded.
The bat closely misses you. The hobgoblin closely misses you.
The giant cockroach bites you. The bat barely misses you.
You hit the hobgoblin but do no damage.
The hobgoblin is severely wounded.
The bat hits you. The giant cockroach closely misses you.
The hobgoblin hits you but does no damage.
The bat barely misses you. The giant cockroach closely misses you.
You completely miss the hobgoblin.
The hobgoblin is severely wounded.
The bat closely misses you. The bat barely misses you.
The hobgoblin closely misses you. The giant cockroach closely misses you.
The hobgoblin closely misses you.
You hit the hobgoblin but do no damage.
The hobgoblin is severely wounded.
The bat hits you but does no damage. The giant cockroach closely misses you.
The bat barely misses you. The hobgoblin hits you.
* * * LOW HITPOINT WARNING * * *
You hit the hobgoblin but do no damage.
The hobgoblin is severely wounded.
The bat hits you.
* * * LOW HITPOINT WARNING * * *
The giant cockroach barely misses you. The hobgoblin barely misses you.
Your magical contamination has completely faded away.
You hit the hobgoblin.
The hobgoblin is almost dead.
The bat closely misses you. The giant cockroach misses you.
The hobgoblin hits you.
You die...

.......'.# .......#.#
.. . .......#.#######
.# .## .......#.......#
.###...
.).....#######)##.#....
#.###### #...).......#
..# #......#....# .##
#......#B...#.. .#
#......@g...... .#
#....b......... .#
#.###...###.... .# #.
G#...# ... .####### #
###...## . .#.....#
.......... .#.....#
......_..... .'..<..+
............. ##.....#


You could see a golden eye, a giant cockroach, a hobgoblin and a bat.

Vanquished Creatures
  A ball python (D:1)
  2 goblins (D:1)
  A kobold (D:1)
4 creatures vanquished.

Notes
Turn   | Place    | Note
-------+----------+-------------------------------------------
     0 | D:1      | CaptainMV the Draconian Air Elementalist began the quest
                  | for the Orb.
     0 | D:1      | Reached XP level 1. HP: 14/14 MP: 3/3
   382 | D:1      | Found a faded altar of an unknown god.
   384 | D:1      | Noticed a golden eye
   395 | D:1      | Slain by a hobgoblin

Illustrated notes

Levels and vault maps discovered:
D:1:      minmay_arrival_checkered_box, layout_basic,
          hellmonk_ecumenical_altar_watching_god, serial_shops,
          nicolae_shop_bloodbath_and_beyond, minmay_quantized

Action                   || total
-------------------------++-------
Melee: Unarmed           ||    15
       Short sword       ||     8
       Tailslap          ||     2
 Cast: Shock             ||     3
Armor: Skin              ||    11
Dodge: Dodged            ||    29
